 Dungeon Crawl Stone Soup version 0.30-a0-728-gc68057be0a (webtiles) character file.

Game seed: 1709138282431957688

6118 Darius099 the Destroyer (level 11, 0/115 HPs)
             Began as a Human Conjurer on Feb 1, 2023.
             Was a Priest of Sif Muna.
             Slain by a boulder beetle (2 damage)
             ... on level 8 of the Dungeon.
             The game lasted 01:07:09 (12067 turns).

Darius099 the Destroyer (Human Conjurer)           Turns: 12067, Time: 01:07:09

Health: 0/115      AC: 25    Str:  7    XL:     11   Next: 12%
Magic:  0/24       EV:  2    Int: 23    God:    Sif Muna [***...]
Gold:   162        SH:  5    Dex: 12    Spells: 8/29 levels left

rFire   . . .      SeeInvis .    C - +8 flail (heavy)
rCold   . . .      Faith    .    (no shield)
rNeg    . . .      Spirit   .    (body armour currently unavailable)
rPois   +          Reflect  +    (helmet currently unavailable)
rElec   .          Harm     .    (cloak currently unavailable)
rCorr   .          Rampage  .    (gloves currently unavailable)
Will    .....      NoTele   +    (boots currently unavailable)
Stlth   ++                       c - amulet of reflection
HPRegen 0.39/turn                G - ring of wizardry
MPRegen 0.19/turn                (no ring)

@: mighty, tree-form, attractive, very slightly contaminated, hasted, very quick
A: stationary, stasis, torment immunity, boosted hp
a: Renounce Religion, Channel Magic, Forget Spell


You were on level 8 of the Dungeon.
You worshipped Sif Muna.
Sif Muna was most pleased with you.
You were a tree.
You visited 1 branch of the dungeon, and saw 8 of its levels.
You also visited: Sewer and Bailey.

You collected 544 gold pieces.
You spent 382 gold pieces at shops.

Inventory:

Hand Weapons
 C - a +8 heavy flail (weapon)
Armour
 a - a +0 robe
 f - a +0 troll leather armour (melded)
 i - a +1 pair of boots (melded)
 y - a +0 cloak (melded)
 A - a +0 pair of gloves of strength (melded)
 E - a +0 helmet (melded)
Magical Staves
 h - a staff of death
Jewellery
 c - an amulet of reflection (around neck)
 G - a ring of wizardry (left branch)
Wands
 z - a wand of roots (6)
 D - a wand of quicksilver (10)
 H - a wand of digging (5)
Scrolls
 d - 3 scrolls of enchant armour
 g - 4 scrolls of teleportation
 j - 3 scrolls of immolation
 o - 3 scrolls of fog
 u - 2 scrolls of amnesia
 w - a scroll of vulnerability
Potions
 b - a potion of magic
 k - a potion of lignification
 n - 3 potions of mutation
 p - 3 potions of degeneration
 q - 2 potions of berserk rage
 r - 3 potions of flight
 s - 3 potions of resistance
 t - 5 potions of might
 v - a potion of experience
 B - 2 potions of ambrosia


   Skills:
 + Level 4.1 Fighting
 + Level 4.7 Dodging
 - Level 2.1 Stealth
 + Level 9.5 Spellcasting
 - Level 10.0 Conjurations
 + Level 4.0 Summonings
 + Level 4.0 Translocations


You had 8 spell levels left.
You knew the following spells:

 Your Spells              Type           Power      Damage    Failure   Level
a - Magic Dart            Conj           100%       1d8       1%          1
b - Searing Ray           Conj           100%       2d8       1%          2
c - Fulminant Prism       Conj/Hex       17%        3d11      3%          4
d - Gell's Gravitas       Tloc           29%        N/A       1%          3
e - Summon Cactus Giant   Summ           14%        N/A       52%         6
f - Lightning Bolt        Conj/Air       17%        1d31      9%          5

Your spell library contained the following spells:

 Spells                   Type           Power      Damage    Failure   Level
 Summon Small Mammal      Summ           100%       N/A       1%          1
 Lesser Beckoning         Tloc           58%        N/A       1%          2
 Static Discharge         Conj/Air       68%        2-5/arc   1%          2
 Dazzling Flash           Conj/Hex       68%        N/A       1%          3
 Teleport Other           Tloc           29%        N/A       1%          3
 Iskenderun's Mystic Bla  Conj/Tloc      43%        2d10      1%          4
 Beastly Appendage        Tmut           20%        N/A       2%          1
 Sandblast                Erth           20%        2d7       2%          1
 Scorch                   Fire           20%        2d6       3%          2
 Wereblood                Tmut           10%        N/A       3%          2
 Vhi's Electric Charge    Tloc/Air       40%        N/A       3%          3
 Flame Wave               Conj/Fire      34%        2d10      3%          4
 Spider Form              Tmut/Pois      10%        N/A       8%          3
 Arcjolt                  Conj/Air       17%        1d27      9%          5
 Agony                    Necr           10%        N/A       52%         5
 Silence                  Hex/Air        5%         N/A       52%         5
 Dispersal                Tloc           14%        N/A       52%         6


Dungeon Overview and Level Annotations

Branches:
Dungeon (8/15)             Temple (0/1) D:6            Lair (0/5) D:8
  Sewer (visited)          Bailey (visited)

Altars:
Dithmenos
Fedhas
Hepliaklqana
Okawaru
Sif Muna
Trog
Wu Jian
The Shining One

Shops:
D:2 [   D:4 *


Message History

Confirm with . or Enter, or press ? or * to list all spells.
The spell is quite dangerous to miscast (52% risk of failure)!
Continue anyway?
Uppercase [Y]es or [N]o only, please.
The spell is quite dangerous to miscast (52% risk of failure)!
Continue anyway?
You miscast Summon Cactus Giant.
You are very lightly contaminated with residual magic.
Nothing appears to happen.
The boulder beetle bites you but does no damage.
Casting: Summon Cactus Giant (quite dangerous; 52% risk of failure)
Confirm with . or Enter, or press ? or * to list all spells.
The spell is quite dangerous to miscast (52% risk of failure)!
Continue anyway?
Uppercase [Y]es or [N]o only, please.
The spell is quite dangerous to miscast (52% risk of failure)!
Continue anyway?
You miscast Summon Cactus Giant.
Something forms from out of thin air.
A nameless horror comes into view.
The boulder beetle bites you but does no damage.
Casting: Summon Cactus Giant (quite dangerous; 52% risk of failure)
Confirm with . or Enter, or press ? or * to list all spells.
You don't have enough magic to cast this spell.
Casting: Summon Cactus Giant (quite dangerous; 52% risk of failure)
Confirm with . or Enter, or press ? or * to list all spells.
You don't know that spell.
Casting: Summon Cactus Giant (quite dangerous; 52% risk of failure)
Confirm with . or Enter, or press ? or * to list all spells.
Okay, then.
Casting: Summon Cactus Giant (quite dangerous; 52% risk of failure)
Confirm with . or Enter, or press ? or * to list all spells.
Aiming: Searing Ray (safe; 1% risk of failure)
Press: ? - help, Shift-Dir - straight line, f/p - boulder beetle
Aim: a boulder beetle (moderately wounded, 100% to hit)
The searing ray hits the boulder beetle!
The boulder beetle is heavily wounded. (Press . to maintain the ray.)
Casting: Searing Ray (safe; 1% risk of failure)
Confirm with . or Enter, or press ? or * to list all spells.
You don't have enough magic to cast this spell.
The searing ray hits the boulder beetle.
The boulder beetle is heavily wounded.
You block the nameless horror's attack. The boulder beetle bites you.
You die...

.......### ...##..####.'.._.)'
#.#.#.###..###..##......#.....#
.....###...#.....##.....# ....#
#######..#........#.....###'###
# . #...###......#...........
#.#.....................#...
#####...###..####.#○##...### #
#..##....#.....BX.#..#'####
(##.##.#...##...♣##B.......
#.#.#####..##...##.°.......
#.##.##.##.....##.○........
###.##..###.###...........
###.##.............###..#..
#..##...##...##.#### ..#.#
.###....#..†........ ###
........#...........
.<[.....'...........


You could see a boulder beetle and a nameless horror.

Vanquished Creatures
  2 ugly things (D:7)
  Joseph (D:8)
  Maggie (D:8)
  2 trolls (D:8)
  A hornet (D:8)
  Grinder (D:4)
  A wyvern (D:7)
  2 vampire mosquitoes
  2 water moccasins (D:7)
  3 orc warriors (Bailey)
  A black bear (D:7)
  2 sky beasts (D:6)
  2 centaurs
  2 ogres
  A kobold brigand (D:7)
  2 necrophages
  A bullfrog (D:6)
  5 scorpions
  11 wights
  5 killer bees (D:7)
  3 howler monkeys (D:8)
  2 jellies
  4 hounds
  8 orc priests
  4 iguanas
  3 orc wizards (D:7)
  2 gnolls
  12 adders
  2 shadow imps
  2 white imps (D:8)
  An ufetubus (D:5)
  A worm (D:5)
  2 dart slugs (D:1)
  16 orcs
  7 endoplasms
  4 giant cockroaches
  11 goblins
  8 hobgoblins
  5 jackals
  27 kobolds
  3 quokkas
  13 ball pythons
  5 bats
  8 frilled lizards
  29 rats
230 creatures vanquished.

Vanquished Creatures (others)
  9 fulminant prisms (D:8)
9 creatures vanquished.

Grand Total: 239 creatures vanquished

Notes
Turn   | Place    | Note
-------+----------+-------------------------------------------
     0 | D:1      | Darius099 the Human Conjurer began the quest for the Orb.
     0 | D:1      | Reached XP level 1. HP: 13/13 MP: 3/3
   605 | D:1      | Reached XP level 2. HP: 19/19 MP: 3/5
   825 | D:1      | Reached XP level 3. HP: 18/24 MP: 2/6
   866 | D:1      | Learned a level 2 spell: Searing Ray
  1388 | D:2      | Found Giky's Antique Armour Shoppe.
  1653 | D:2      | Reached XP level 4. HP: 17/30 MP: 1/8
  2060 | D:2      | Found a faded altar of an unknown god.
  2262 | D:2      | Found a bloodstained altar of Trog.
  2777 | D:3      | Found a glowing drain.
  2807 | D:3      | Reached skill level 5 in Conjurations
  2808 | D:3      | Reached XP level 5. HP: 30/35 MP: 4/10
  2868 | Sewer    | Entered a sewer
  3609 | D:3      | Found a shimmering blue altar of Sif Muna.
  3613 | D:3      | Became a worshipper of Sif Muna the Loreminder
  3652 | D:3      | Found an ornate altar of the Wu Jian Council.
  3720 | D:3      | Found a shadowy altar of Dithmenos.
  3746 | D:3      | Reached XP level 6. HP: 41/41 MP: 5/11
  4155 | D:4      | Found Konnis's Gadget Gallery.
  4244 | D:4      | Noticed Grinder
  4253 | D:4      | Killed Grinder
  4254 | D:4      | Reached skill level 6 in Conjurations
  4254 | D:4      | Reached XP level 7. HP: 34/46 MP: 3/14
  4536 | D:4      | Reached skill level 5 in Spellcasting
  5032 | D:5      | Entered Level 5 of the Dungeon
  5428 | D:5      | Found a glowing golden altar of the Shining One.
  5505 | D:5      | Reached * piety under Sif Muna
  5727 | D:5      | Reached skill level 7 in Conjurations
  5750 | D:5      | Reached XP level 8. HP: 52/52 MP: 7/16
  6158 | D:6      | Found a staircase to the Ecumenical Temple.
  6224 | D:6      | Found a hazy altar of Hepliaklqana.
  6442 | D:6      | Reached skill level 8 in Conjurations
  6713 | D:6      | Reached XP level 9. HP: 26/57 MP: 13/19
  7104 | D:6      | Reached skill level 9 in Conjurations
  7261 | D:6      | Found an iron altar of Okawaru.
  7593 | D:7      | Found a flagged portal.
  7632 | Bailey   | Entered a bailey
  7639 | Bailey   | Noticed an orc warlord
  7819 | Bailey   | Reached ** piety under Sif Muna
  8133 | Bailey   | Found a runed translucent gate.
  8134 | Bailey   | Found a runed translucent gate.
  8135 | Bailey   | Found a runed translucent gate.
  8479 | D:7      | Learned a level 4 spell: Fulminant Prism
  8480 | D:7      | You fall into a shaft and drop 1 floor!
  8863 | D:7      | Reached skill level 10 in Conjurations
  9037 | D:7      | Reached XP level 10. HP: 52/63 MP: 14/22
  9146 | D:7      | Reached skill level 1 in Fighting
  9147 | D:7      | Reached skill level 1 in Summonings
  9147 | D:7      | Reached skill level 1 in Translocations
  9316 | D:7      | Learned a level 3 spell: Gell's Gravitas
  9520 | D:4      | Bought a wand of digging (7) for 382 gold pieces
  9627 | D:3      | Got Sif Muna's Parchment of Scree
  9629 | D:3      | Got Sif Muna's Grimoire of the Mob
 10131 | D:8      | Noticed Maggie
 10145 | D:8      | Killed Maggie
 10416 | D:8      | Noticed Joseph
 10429 | D:8      | Killed Joseph
 10429 | D:8      | Reached *** piety under Sif Muna
 10713 | D:8      | Noticed a brown ugly thing
 10714 | D:8      | Noticed a boulder beetle
 10723 | D:8      | Found a staircase to the Lair.
 10735 | D:8      | Noticed a brown ugly thing
 11131 | D:7      | Killed a brown ugly thing
 11212 | D:7      | Killed a green ugly thing
 11213 | D:7      | Reached XP level 11. HP: 50/76 MP: 11/24
 11330 | D:8      | Paralysed by a hornet for 1 turns
 11532 | D:7      | Learned a level 6 spell: Summon Cactus Giant
 11538 | D:7      | Learned a level 5 spell: Lightning Bolt
 12024 | D:8      | Found a blossoming altar of Fedhas.
 12054 | D:8      | HP: 3/115 [boulder beetle (4)]
 12062 | D:8      | HP: 1/115 [boulder beetle (13)]
 12065 | D:8      | Noticed a nameless horror
 12067 | D:8      | Slain by a boulder beetle

Illustrated notes

Levels and vault maps discovered:
D:1:      lemuel_arrival_rhombus, layout_basic, minmay_tromino_mix6
D:2:      layout_basic, serial_shops, nicolae_square_shop,
          ebering_ecumenical_altar_hall, basic_altar, minmay_misc_feat_x,
          minmay_rat_hole
D:3:      layout_basic, nicolae_sif_muna_little_library,
          pdpol_wu_jian_five_deadly_venoms, lemuel_round_altar,
          gup_sewer_entry_glass, minmay_vboxes
D:4:      layout_basic, minivault_26, nicolae_shop_gadgets, uniq_grinder
D:5:      layout_basic, mainiacjoe_overflow_catwalk
D:6:      layout_basic, amcnicky_altar_gilded, kennysheep_mini,
          minmay_temple_entry_overgrown
D:7:      layout_loops_cross, enter_bailey_3
D:8:      minmay_the_grid_octo_triangle [minmay_the_grid_octo_fan_narrow,
          minmay_the_grid_octo_prize_square_snowflake,
          minmay_the_grid_octo_tetromino_candy], layout_gridville,
          kennysheep_little_box, nicolae_vehumet_altar_sigil,
          old_standard_altar, lemuel_tele_altar, lemuel_doored_altar,
          uniq_joseph, uniq_maggie

Skill      XL: |  1  2  3  4  5  6  7  8  9 10 11 |
---------------+----------------------------------+-----
Spellcasting   | 3 4 5 7 8 9 |  9.5
Conjurations   | 5 6 7 8 10 | 10.0
Fighting       | 3 4 |  4.1
Summonings     | 3 4 |  4.0
Translocations | 3 4 |  4.0
Dodging        | 4 |  4.7
Stealth        | |  2.1

Action                     |  1- 3 |  4- 6 |  7- 9 | 10-12 || total
---------------------------+-------+-------+-------+-------++-------
  Melee: Unarmed           |     3 |       |       |       ||     3
         Short sword       |     4 |    13 |       |       ||    17
         Rapier            |       |       |     5 |       ||     5
         Flail             |       |       |     4 |    11 ||    15
   Cast: Magic Dart        |    43 |   106 |   115 |    18 ||   282
         Searing Ray       |     2 |     5 |    49 |    44 ||   100
         Fulminant Prism   |       |       |       |     9 ||     9
         Lightning Bolt    |       |       |       |     3 ||     3
 Invoke: Channel Magic     |       |       |       |     1 ||     1
  Evoke: Wand              |       |       |     1 |     2 ||     3
    Use: Potion            |       |     1 |       |     8 ||     9
         Scroll            |       |       |    18 |     2 ||    20
 Armour: Robe              |     1 |     1 |    24 |    31 ||    57
         Skin              |       |       |       |     4 ||     4
         Troll leather arm |       |       |       |     1 ||     1
  Dodge: Dodged            |    15 |    52 |    35 |    86 ||   188
  Block: Other             |       |       |    18 |    32 ||    50
         Reflection        |       |       |     2 |     1 ||     3

Table legend: (Time is in decaauts)
 A = Elapsed time spent in this place.
 B = Non-inter-level travel time spent in this place.
 C = Inter-level travel time spent in this place.
 D = Time resting spent in this place.
 E = Time spent auto-exploring this place.
 F = Levels seen in this place.
 G = Mean time per level.
                   A        B        C        D        E       F      G
               +--------+--------+--------+--------+--------+-----+--------+
         Total |  12143 |  11619 |    524 |   4750 |   3182 |  10 | 1214.3 |
       Dungeon |  10945 |  10421 |    524 |   4150 |   3161 |   8 | 1368.1 |
         Sewer |    546 |    546 |      0 |    247 |     21 |   1 |  546.0 |
        Bailey |    651 |    651 |      0 |    353 |      0 |   1 |  651.0 |
               +--------+--------+--------+--------+--------+-----+--------+

Top non-repeatable levels by time:
     D:7: 2585 daAuts
     D:6: 1397 daAuts
     D:2: 1351 daAuts
     D:1: 1300 daAuts
     D:3: 1181 daAuts
     D:8: 1149 daAuts
     D:5: 1049 daAuts
     D:4: 929 daAuts
  Bailey: 651 daAuts
   Sewer: 546 daAuts
